 Dungeon Crawl Stone Soup version 0.30.0-18-gc0e69614cb (webtiles) character file.

Game seed: 16516261229264106457

611 Cheops the Sneak (level 7, -7/53 HPs)
             Began as an Armataur Earth Elementalist on May 26, 2023.
             Mangled by a two-headed ogre
             ... wielding a +0 giant spiked club
              (14 damage)
             ... on level 5 of the Dungeon.
             The game lasted 00:11:18 (4564 turns).

Cheops the Sneak (Armataur Earth Elementalist)      Turns: 4564, Time: 00:11:19

Health: -7/53      AC:  6    Str: 13    XL:     7   Next: 20%
Magic:  7/11       EV:  9    Int: 18    God:
Gold:   42         SH:  0    Dex: 10    Spells: 2/12 levels left

rFire   . . .        b - +0 short sword (freeze)
rCold   . . .        (no shield)
rNeg    . . .        e - +0 robe
rPois   .            (no helmet)
rElec   .            D - +1 cloak
rCorr   .            (no gloves)
SInv    .            (no barding)
Will    .....        l - amulet of magic regeneration
Stlth   +++          (no ring)
HPRegen 0.28/turn    (no ring)
MPRegen 0.52/turn

%: roll
@: no status effects
A: large, rugged brown scales 3, deformed body, armoured tail, roll, long
tongue, awkward tongue
a: no special abilities


You were on level 5 of the Dungeon.
You visited 1 branch of the dungeon, and saw 5 of its levels.

You collected 94 gold pieces.
You spent 52 gold pieces at shops.

Inventory:

Hand Weapons
 a - a +0 dagger
 b - a +0 short sword of freezing (weapon)
Armour
 e - a +0 robe (worn)
 D - a +1 cloak (worn)
 E - a +1 leather armour of fire resistance
Magical Staves
 r - a staff of air
Jewellery
 h - an amulet of guardian spirit
 l - an amulet of magic regeneration (around neck)
 m - an amulet of faith
 w - an amulet of the acrobat
Scrolls
 d - a scroll of fear
 g - 2 scrolls of torment
 i - a scroll of identify {unknown}
 j - 2 scrolls of vulnerability
 o - 2 scrolls of teleportation
 q - a scroll of fog
 s - a scroll of brand weapon {unknown}
 t - a scroll of immolation {unknown}
 v - a scroll of enchant weapon {unknown}
 y - a scroll of silence {unknown}
 B - a scroll of amnesia {unknown}
 C - 2 scrolls of poison {unknown}
Potions
 c - 3 potions of curing {unknown}
 f - a potion of degeneration {unknown}
 k - a potion of mutation {unknown}
 n - a potion of cancellation {unknown}
 p - a potion of resistance {unknown}
 u - a potion of invisibility {unknown}
 x - 4 potions of magic
 z - a potion of ambrosia {unknown}
 A - a potion of attraction {unknown}


   Skills:
 - Level 1.3 Dodging
 + Level 5.9 Stealth
 - Level 3.0 Spellcasting
 * Level 0.6 Conjurations
 - Level 0.8 Transmutations
 - Level 5.6 Earth Magic


You had 2 spell levels left.
You knew the following spells:

 Your Spells              Type           Power      Damage    Failure   Level
a - Sandblast             Erth           44%        2d11      1%          1
b - Stone Arrow           Conj/Erth      26%        3d8       14%         3
p - Petrify               Tmut/Erth      14%        N/A       41%         4
P - Passwall              Tmut/Erth      11%        N/A       7%          2

Your spell library contained the following spells:

 Spells                   Type           Power      Damage    Failure   Level


Dungeon Overview and Level Annotations

Branches:
Dungeon (5/15)
 Temple: D:4-7

Altars:
Sif Muna

Shops:
D:5 ?

Annotations:
D:5 Pikel


Innate Abilities, Weirdness & Mutations

You are completely covered in rugged brown scales. (AC +3, +7% HP)
Armour fits poorly on your strangely shaped body.
You have a long armoured tail.
You roll when moving toward enemies. (Rampage)
Your long tongue fully drains potion bottles. (2x potion effects)
Your tongue gives you trouble enunciating. (1.5x scroll delay)


Message History

The blast of sand hits the two-headed ogre!
The two-headed ogre is heavily wounded.
Casting: Sandblast (safe; 1% risk of failure)
Confirm with . or Enter, or press ? or * to list all spells.
Aiming: Sandblast (safe; 1% risk of failure)
Press: ? - help, Shift-Dir - straight line, f/p - two-headed ogre
Aim: a two-headed ogre, wielding a +0 giant spiked club and a +0 giant club (heavily wounded, 92% to hit)
The blast of sand hits the two-headed ogre but does no damage.
The two-headed ogre is heavily wounded.
The two-headed ogre hits you with a +0 giant spiked club!
The two-headed ogre closely misses you.
Casting: Sandblast (safe; 1% risk of failure)
Confirm with . or Enter, or press ? or * to list all spells.
Aiming: Sandblast (safe; 1% risk of failure)
Press: ? - help, Shift-Dir - straight line, f/p - two-headed ogre
Aim: a two-headed ogre, wielding a +0 giant spiked club and a +0 giant club (heavily wounded, 92% to hit)
The blast of sand hits the two-headed ogre but does no damage.
The two-headed ogre is heavily wounded.
The two-headed ogre hits you but does no damage.
The two-headed ogre completely misses you.
Casting: Sandblast (safe; 1% risk of failure)
Confirm with . or Enter, or press ? or * to list all spells.
Aiming: Sandblast (safe; 1% risk of failure)
Press: ? - help, Shift-Dir - straight line, f/p - two-headed ogre
Aim: a two-headed ogre, wielding a +0 giant spiked club and a +0 giant club (heavily wounded, 92% to hit)
The blast of sand hits the two-headed ogre.
The two-headed ogre is heavily wounded.
The two-headed ogre closely misses you.
The two-headed ogre hits you with a +0 giant club!
Casting: Sandblast (safe; 1% risk of failure)
Confirm with . or Enter, or press ? or * to list all spells.
Aiming: Stone Arrow (dangerous; 14% risk of failure)
Press: ? - help, Shift-Dir - straight line, f/p - two-headed ogre
Aim: a two-headed ogre, wielding a +0 giant spiked club and a +0 giant club (heavily wounded, 85% to hit)
The stone arrow misses the two-headed ogre.
The two-headed ogre hits you with a +0 giant spiked club!!
Ouch! That really hurt!
* * * LOW HITPOINT WARNING * * *
The two-headed ogre hits you with a +0 giant club!
You die...

.....# ##....#
...... .. #....#
#.#....#
.............#######
#.#.....##.O........
......$. #@# ...#
#.....# #.#
...###.....# #.#
...........# #.# #
...# #.....####.# .
...# #..........# ##
#...# ###.########
#. ....# #.# # #
K#..# #.# ####.##


You could see a two-headed ogre.

Vanquished Creatures
  An ogre (D:4)
  3 scorpions
  2 hounds
  2 jellies (D:4)
  Crazy Yiuf (D:4)
  An iguana (D:4)
  4 gnolls (D:2)
  4 adders
  A white imp (D:3)
  An ufetubus (D:5)
  2 worms
  A dart slug (D:2)
  9 orcs
  7 ball pythons
  11 endoplasms
  2 giant cockroaches (D:1)
  8 goblins
  6 hobgoblins
  2 quokkas
  6 bats
  A frilled lizard (D:1)
  13 kobolds
  5 rats
93 creatures vanquished.

Notes
Turn   | Place    | Note
-------+----------+-------------------------------------------
     0 | D:1      | Cheops the Armataur Earth Elementalist began the quest for
                  | the Orb.
     0 | D:1      | Reached XP level 1. HP: 14/14 MP: 3/3
   278 | D:1      | Reached XP level 2. HP: 21/21 MP: 2/4
   768 | D:2      | Reached XP level 3. HP: 27/27 MP: 2/5
   771 | D:2      | Learned a level 2 spell: Passwall
  1199 | D:2      | Reached XP level 4. HP: 21/35 MP: 4/6
  1221 | D:2      | Learned a level 3 spell: Stone Arrow
  2023 | D:3      | Reached XP level 5. HP: 40/40 MP: 5/7
  2597 | D:3      | Found a shimmering blue altar of Sif Muna.
  3046 | D:4      | Reached skill level 5 in Earth Magic
  3080 | D:4      | Noticed an ogre
  3086 | D:4      | Killed an ogre
  3087 | D:4      | Reached XP level 6. HP: 48/48 MP: 6/8
  3308 | D:4      | Reached skill level 5 in Stealth
  3887 | D:4      | Found a runed translucent door.
  3888 | D:4      | Noticed Crazy Yiuf
  3893 | D:4      | Killed Crazy Yiuf
  4032 | D:5      | Entered Level 5 of the Dungeon
  4032 | D:5      | Found Joirit's Magic Scroll Shop.
  4040 | D:5      | Bought a scroll of fog for 52 gold pieces
  4199 | D:5      | Reached XP level 7. HP: 36/53 MP: 5/11
  4331 | D:5      | Learned a level 4 spell: Petrify
  4386 | D:5      | Noticed Pikel
  4557 | D:5      | Noticed a two-headed ogre
  4564 | D:5      | Mangled by a two-headed ogre

Illustrated notes

Levels and vault maps discovered:
D:1:      dpeg_arrival_long_road, layout_rooms
D:2:      layout_loops_ring
D:3:      layout_basic, led_sif_pool
D:4:      cheibrodos_fertilizer, layout_basic, uniq_crazy_yiuf_cottage
D:5:      layout_loops_ring, serial_shops, nicolae_stop_n_shop_1,
          grunt_tough_drop, uniq_grinder, uniq_pikel

Skill      XL: |  1  2  3  4  5  6  7 |
---------------+----------------------+-----
Earth Magic    | 3 4 5 |  5.6
Stealth        | 3 4 5 |  5.9
Spellcasting   | 2 3 |  3.0
Dodging        | |  1.3
Conjurations   | |  0.6
Transmutations | |  0.8

Action                     |  1- 3 |  4- 6 |  7- 9 || total
---------------------------+-------+-------+-------++-------
  Melee: Dagger            |    35 |     1 |       ||    36
         Tailslap          |     5 |     1 |     1 ||     7
         Punch             |     1 |       |       ||     1
         Short sword       |       |       |     3 ||     3
   Cast: Sandblast         |    45 |    85 |    11 ||   141
         Stone Arrow       |       |       |     1 ||     1
    Use: Scroll            |       |     4 |       ||     4
   Stab: Sleeping          |     3 |       |     2 ||     5
 Armour: Robe              |    20 |     8 |     3 ||    31
  Dodge: Dodged            |    23 |    16 |     8 ||    47
